Cogmind - Beta 9.2 @@@ ROGUE MODE // 2019.11.20 @ 17:20:16 Player: Sweenbean Result: Destroyed by Y-45 Defender with Heavy Assault Rifle Performance ------------- Evolutions (1) 500 Regions Visited (2) 400 Robots Destroyed (16) 80 Value Destroyed (497) 497 Prototype IDs (2) 40 Alien Tech Used (0) 0 Bonus (0) 0 TOTAL SCORE: 1517 Bonus ------- None Cogmind --------- Core Integrity 0/400 Matter 291/300 Energy 261/265 System Corruption 0% Temperature Cool (11) Movement Walking (120) Location -9/Materials Parts ------- > --- POWER (1) -------- Improved Ion Engine > --- PROPULSION (4) --- Aluminum Leg Aluminum Leg > --- UTILITY (2) ------ Heat Sink Improved Targeting Computer > --- WEAPON (2) ------- Small Laser Heavy Assault Rifle > --- INVENTORY (4) ---- Heat Sink Peak State ------------ > --- POWER ------------ Light Ion Engine > --- PROPULSION ------- Improved Hover Unit Improved Hover Unit > --- UTILITY ---------- Small Storage Unit Targeting Computer > --- WEAPON ----------- EM Shotgun Datajack > --- INVENTORY -------- Assault Rifle [Rating: 10] Favorites ----------- Power Light Ion Engine Engine Light Ion Engine Propulsion Improved Hover Unit Leg Aluminum Leg Hover Unit Improved Hover Unit Utility Small Storage Unit Device Heat Sink Storage Small Storage Unit Processor Targeting Computer Weapon Datajack Energy Gun EM Shotgun Ballistic Gun Assault Rifle Special Melee Weapon Datajack Build | -11 -10 -9 ------- Run | Scr Mat Mat Slots Evolved 2 | . . 2 Power . | . . . Propulsion 2 | . . 2 Utility . | . . . Weapon . | . . . Parts Attached 31 | 6 14 11 Power 4 | 1 2 1 Engine 4 | 1 2 1 Core . | . . . Reactor . | . . . Propulsion 11 | 2 7 2 Treads . | . . . Leg 5 | 2 1 2 Wheel . | . . . Hover 6 | . 6 . Flight . | . . . Utility 5 | 1 1 3 Device 1 | . . 1 Storage 2 | 1 . 1 Processor 2 | . 1 1 Hackware . | . . . Protection . | . . . Artifact . | . . . Weapon 11 | 2 4 5 Energy Gun 6 | 1 2 3 Energy Cannon . | . . . Ballistic Gun 4 | 1 1 2 Ballistic Cannon . | . . . Launcher . | . . . Special Weapon . | . . . Impact Weapon . | . . . Slashing Weapon . | . . . Piercing Weapon . | . . . Special Melee Weapon 1 | . 1 . Unidentified Prototypes . | . . . Parts Lost 10 | . 4 6 Power 2 | . 1 1 Propulsion 2 | . 1 1 Utility . | . . . Weapon 6 | . 2 4 Highest Loss Streak 4 | . 4 3 Average Slot Usage (%) 66 | . 85 40 Engine 10 | . 12 8 Leg 3 | . 2 4 Hover 14 | . 20 4 Storage 8 | . 13 . Processor 9 | . 8 11 Energy Gun 9 | . 12 5 Ballistic Gun 3 | . 2 4 Special Melee Weapon 6 | . 10 . Naked Turns . | . . . Heaviest Build 12 | 11 12 12 Greatest Support 20 | 20 20 20 Greatest Overweight (x) 2 | . 2 1 Average Overweight (x) . | . . . Largest Inventory Capacity 6 | 6 6 4 Average Capacity 5 | 5 5 4 Most Carried 5 | 4 5 4 Average Carried 1 | . 1 . Final Capacity 6 | 6 4 4 Final Carried 3 | . 3 1 Class Distribution -------------------- 91% | Mutant 8% | Scavenger-Mutant Dominant Class ---------------- Mutant | -10/Materials Mutant | -9/Materials Resources | -11 -10 -9 ----------- Run | Scr Mat Mat Matter Collected 555 | 256 169 130 Remotely . | . . . Salvage Created 550 | . 275 275 Parts 30 | . 17 13 Haulers Intercepted . | . . . Recyclers Shooed . | . . . Parts Field Recycled . | . . . Retrieved Matter . | . . . Parts Self-Destructed . | . . . Prevented . | . . . Kills | -11 -10 -9 ------- Run | Scr Mat Mat Combat Hostiles Destroyed 14 | . 7 7 Melee 1 | . . 1 Guns 13 | . 7 6 Classes Destroyed 6 | . 4 2 Operator 1 | . 1 . Watcher 1 | . 1 . Swarmer 2 | . 2 . Grunt 10 | . 5 5 Duelist 1 | . . 1 Sentry 1 | . . 1 Best Kill Streak 6 | . 4 6 Combat Bots Only 6 | . 4 6 Max Kills in Single Turn 1 | . 1 1 Gunslinging . | . . . Exploded . | . . . Melee 1 | . . 1 Uniques/NPCs Destroyed . | . . . Combat | -11 -10 -9 -------- Run | Scr Mat Mat Damage Taken 1361 | . 507 854 Core 633 | . 225 408 Absorbed by Shields . | . . . Core Remaining (%) 55 | 100 10 . Volleys Fired 73 | . 30 43 Largest 2 | . 1 2 Hottest 65 | . 45 65 Shots Fired 76 | . 30 46 Gun 76 | . 30 46 Cannon . | . . . Launcher . | . . . Special . | . . . Kinetic 41 | . 15 26 Thermal 20 | . . 20 Explosive . | . . . Electromagnetic 15 | . 15 . Robot Hit Streak 11 | . 9 11 Robot Miss Streak 4 | . 4 3 Penetration Max . | . . . Secondary Targets . | . . . Shots Hit Robots 66 | . 27 39 Core Hits 38 | . 14 24 Critical Hits 3 | . 3 . Critical Kills 2 | . 2 . Critical Parts Destroyed 1 | . 1 . Melee Attacks 4 | . 4 . Impact . | . . . Slashing . | . . . Piercing . | . . . Sneak Attacks 4 | . 4 . Combat Hostiles . | . . . Follow-up Attacks . | . . . Damage Inflicted 798 | . 278 520 Guns 792 | . 278 514 Cannons . | . . . Explosions . | . . . Melee . | . . . Ramming 6 | . . 6 Kinetic 413 | . 153 260 Thermal 254 | . . 254 Explosive . | . . . Electromagnetic 125 | . 125 . Impact . | . . . Slashing . | . . . Piercing . | . . . Highest Corruption . | . . . Average Corruption . | . . . Corruption Purged . | . . . Overload Shots . | . . . Overflow Damage . | . . . Projectiles . | . . . Explosions . | . . . Melee . | . . . Knockbacks . | . . . Impact . | . . . Kinetic . | . . . Secondary . | . . . Self-Inflicted Damage 2 | . . 2 Shots . | . . . Rammed 3 | . . 3 Targets Rammed 3 | . . 3 Kicked . | . . . Crushed . | . . . Highest Temperature 151 | . 50 151 Average Temperature 43 | . 18 61 Received Heat Transfer 609 | . 246 363 Siege Activations . | . . . Robots Corrupted . | . . . Combat Hostiles . | . . . Parts Fried . | . . . Impact Corruptions . | . . . Robots Melted . | . . . Combat Hostiles . | . . . Parts Melted 2 | . . 2 Heat Transferred 442 | . . 442 Parts Sabotaged . | . . . Parts Stolen . | . . . Parts Stripped . | . . . Power Chain Reactions . | . . . Missiles Intercepted . | . . . Alert | -11 -10 -9 ------- Run | Scr Mat Mat Peak Influence 175 | . 171 175 Average Influence 67 | . 68 84 Maximum Alert Level . | . . . Low Security (%) 100 | 100 100 100 Level 1 . | . . . Level 2 . | . . . Level 3 . | . . . Level 4 . | . . . Level 5 . | . . . High Security . | . . . Max Security . | . . . Squads Dispatched 2 | . 1 1 Investigation 1 | . 1 . Extermination . | . . . Reinforcement 1 | . . 1 Assault . | . . . Garrison . | . . . Intercept . | . . . Construction Impeded . | . . . Haulers Reinforced . | . . . Stealth | -11 -10 -9 --------- Run | Scr Mat Mat Distress Signals 3 | . 1 2 Communications Jammed . | . . . Distress Signals . | . . . Times Spotted 34 | . 18 16 Peak Tracking Total 8 | . 5 8 Tactical Retreats 2 | . 1 1 Traps | -11 -10 -9 ------- Run | Scr Mat Mat Traps Triggered 2 | . 2 . Indirectly . | . . . Trap Hack Attempts 28 | . 28 . Triggered . | . . . Disarmed 1 | . 1 . Reprogrammed 1 | . 1 . Reused . | . . . Traps Extracted . | . . . Installed . | . . . Triggered . | . . . Machines | -11 -10 -9 ---------- Run | Scr Mat Mat Machines Disabled . | . . . Max in Single Turn . | . . . Machines Sabotaged . | . . . Garrisons Compromised . | . . . Overloaded Fab Kills . | . . . Fab Network Shutdowns . | . . . Hacking | -11 -10 -9 --------- Run | Scr Mat Mat Machines Accessed 5 | . 5 . Terminals 4 | . 4 . Fabricators . | . . . Repair Stations 1 | . 1 . Recycling Units . | . . . Scanalyzers . | . . . Garrison Access . | . . . Total Hacks 14 | . 14 . Successful 12 | . 12 . Failed 2 | . 2 . Catastrophic . | . . . Database Lockouts . | . . . Manual . | . . . Terminals 10 | . 10 . Fabricators . | . . . Repair Stations 4 | . 4 . Recycling Units . | . . . Scanalyzers . | . . . Garrison Access . | . . . Terminal Hacks 9 | . 9 . Record 2 | . 2 . Prototype ID Bank 1 | . 1 . Terminal Index 1 | . 1 . Alert Level 2 | . 2 . Locate Traps 2 | . 2 . Assault Status 1 | . 1 . Fabricator Hacks . | . . . Repair Station Hacks 3 | . 3 . Scan Component 2 | . 2 . Repair 1 | . 1 . Recycling Unit Hacks . | . . . Scanalyzer . | . . . Garrison Access Hacks . | . . . Unauthorized Hacks . | . . . Terminals . | . . . Fabricators . | . . . Repair Stations . | . . . Recycling Units . | . . . Scanalyzers . | . . . Garrison Access . | . . . Data Cores Recovered 1 | . 1 . Used 1 | . 1 . Hacking Detections 2 | . 2 . Full Trace Events 1 | . 1 . Feedback Events . | . . . Feedback Blocked . | . . . Robot Schematics Acquired . | . . . Robots Built . | . . . Matter . | . . . Time . | . . . Total Robot Build Rating . | . . . Part Schematics Acquired . | . . . Parts Built . | . . . Matter . | . . . Time . | . . . Total Part Build Rating . | . . . Parts Repaired 1 | . 1 . Time 32 | . 32 . Parts Recycled . | . . . Recycled Matter . | . . . Retrieved Matter . | . . . Retrieved Components . | . . . Parts Scanalyzed . | . . . Part Schematics Acquired . | . . . Parts Damaged . | . . . Bothacking | -11 -10 -9 ------------ Run | Scr Mat Mat Used RIF Installer . | . . . Robots Hacked 3 | . 3 . Non-combat 3 | . 3 . Combat . | . . . Robot Hacks Applied 3 | . 3 . parse_system 2 | . 2 . no_distress 1 | . 1 . Relay Couplers Released . | . . . Robots Rewired . | . . . Allies Hacked . | . . . Hacks Repelled . | . . . Allies | -11 -10 -9 -------- Run | Scr Mat Mat Total Allies . | . . . Largest Group . | . . . Highest-Rated Group . | . . . Highest-Rated Ally . | . . . Total Orders . | . . . Ally Attacks . | . . . Total Damage . | . . . Kills . | . . . Allies Corrupted . | . . . Allies Melted . | . . . Intel | -11 -10 -9 ------- Run | Scr Mat Mat Robot Analysis Total . | . . . Derelict Logs Recovered . | . . . Drone Launches . | . . . Drone Recoveries . | . . . Exploration | -11 -10 -9 ------------- Run | Scr Mat Mat Turns Passed 889 | 90 477 322 Spaces Moved 922 | 82 537 303 Core 123 | 28 8 87 Treads . | . . . Legs 133 | 54 37 42 Wheels . | . . . Hover 666 | . 492 174 Flight . | . . . Fastest Speed 50 | 50 56 50 Average Speed 68 | 96 64 68 Slowest Speed 150 | 120 150 150 Overloaded Moves . | . . . Propulsion Burnouts . | . . . Robots Hopped . | . . . Cave-ins Triggered . | . . . Exploration Rate (%) 29 | 4 60 23 Regions Visited 2 Branch Regions . Pre-discovered Areas . | . . . Known Exits Taken . | . . . Unknown Exits Taken 2 | 1 1 . Scrap Searched . | . . . Spaces Dug . | . . . Terrain Destroyed . | . . . Melee . | . . . Projectile . | . . . AOE . | . . . Actions | -11 -10 -9 --------- Run | Scr Mat Mat Total 1104 | 93 634 377 Wait 2 | . 2 . Move 920 | 81 536 303 Hop . | . . . Pick Up 33 | 6 15 12 Fast Attach . | . . . Attach 29 | 6 12 11 Detach . | . . . Swap 2 | . 2 . Drop 10 | . 5 5 Fire 73 | . 30 43 Melee 4 | . 4 . Ram 3 | . . 3 Kick . | . . . Crush . | . . . Escape Stasis . | . . . Rewire . | . . . Trap 28 | . 28 . Miscellaneous . | . . . Route ------- -11/Scrapyard -10/Materials (discovered 3 exits: [*Mat x2] / [*Min]) -9/Materials History --------- Turn | Location | Event 3 | -11/Scrapyard | Discovered new exit (range 15) 91 | -11/Scrapyard | Entered Materials 192 | -10/Materials | Discovered new exit (range 8) 300 | -10/Materials | Discovered new exit (range 7) 307 | -10/Materials | Build established: Mutant 449 | -10/Materials | Discovered new exit (range 16) 487 | -10/Materials | Repaired Imp. Hover Unit 501 | -10/Materials | Core integrity fell below 50% 514 | -10/Materials | Core integrity fell below 20% 538 | -10/Materials | Lost 4 parts (1p1n2w) 568 | -10/Materials | Entered another Materials area 568 | -9/Materials | Evolved 2 slots: Propulsion x2 747 | -9/Materials | Core integrity fell below 50% 756 | -9/Materials | Lost 3 parts (1p1n1w) 789 | -9/Materials | Core integrity fell below 20% 890 | -9/Materials | Destroyed by Y-45 Defender with Heavy Assault Rifle Last Messages --------------- 00785_ Acquired Hvy. Assault Rifle. 00786_ Door malfunctions. 00793_ U-05 Engineer repairs door. 00799_ G-34 Mercenary destroyed. 00800_ Acquired 31 matter. 00802_ Acquired 3 matter. 00809_ G-34 Mercenary destroyed. 00810_ Acquired 9 matter. 00812_ Acquired Imp. Ion Engine. 00816_ Acquired Aluminum Leg. 00818_ Acquired Heat Sink. 00822_ Acquired 5 matter. 00823_ Acquired 25 matter. 00825_ K-01 Serf collects debris. 00826_ Acquired Heat Sink. 00831_ K-01 Serf collects debris. 00838_ Acquired Aluminum Leg. 00838_ K-01 Serf collects debris. 00859_ Acquired Sml. Laser. 00863_ Acquired 23 matter. Map ----- +----------------------------------------------------+ | ??????????# #???????????????????????????????? | | ??????????# #???????????????????????????????? | | ########### #???????????????????????????????? | | #???????????????????????????????? | | ########### #???????????????????????????????? | | ??????????# #???????????????????????????????? | | ?????????## ##??????????????????????????????? | | ??######## #??????????????????????????????? | | # #??????????????????????????????? | | + ! #??????????????????????????????? | | ??# #??????????????????????????????? | | ??### #### #??????????????????????????????? | | ????# #??###+###??????????????????????????????? | | ????# #????? ???????????????????????????????? | | ????# #??????""" ?????????????????????????????? | | ##### #??????"R" #????????????????????????????? | | #??????? " #????????????????????????????? | | #??????? #????????????????????????????? | | #???????? ####?????????????????????????? | | #???????? + ?????????????????????????? | | ##### #????????? ?# #?????????????????????????? | | ????# #???######### #?????????????????????????? | | ????# #???# ## #??###+####???????????????? | | ???##+##### ## #??# #???????????????? | | ???# # %% ## #??#[ #???????????????? | | ???# # % * ## #??# @ #???????????????? | | ???# ###+##### #### [[ #???????????????? | | ???# + %% + [[ #???????????????? | | ???# ###=#####+#### [ Y#??????????????? | | ???# ###!###= T ##########??????????????? | | +######+### * # #???????????????????????? | | # #???????????????????????? | | # """ #???????????????????????? | | # """ #???????????????????????? | | #######+### # """ #???????????????????????? | | ???# ###+#########???????????????????????? | | ???# "" # T #??????????????????????????? | | ???# ""S # #??????????????????????????? | | ???# "" # """ #??????????????????????????? | | ???# #""""" #??????????????????????????? | | ???# #""""" #??????????????????????????? | | ???########""""" #??????????????????????????? | | ??????????# """ #??????????????????????????? | | ??????????# #??????????????????????????? | | ??????????# ! #??????????????????????????? | | ??????????##########??????????????????????????? | | ??????????????????????????????????????????????? | | | | | | | +----------------------------------------------------+ Best States ------------- Heat Dissipation 38 Energy Generation 12 Energy Capacity 265 Matter Stores 300 Matter Capacity 300 Sight Range 16 Terrain Scan Density 10 Evasion (%) 53 Targeting Accuracy 6 Item Schematics ----------------- None Robot Schematics ------------------ None Fabricated ------------ Nothing Alien Tech Used ----------------- None Achievements -------------- Dynamic Key Challenges ------------ None Game ------ Seed CouplerCryofiberShockpuncher Manual? 0 Play Time 00:24:41 Cumulative 7.9 hours Start 2019.11.20 @ 16:48:51 End 2019.11.20 @ 17:20:16 Sessions 1 Manual Loads 0 Difficulty Rogue Special Mode None Game No. 21 Rogue 21 Adventurer 0 Explorer 0 Win Type - Total 0 Types 0/0/0/0/0/0/0 Lore% 3 Gallery% 18 Achievement% 13 Wizard Run 0 Options --------- ASCII 0 Keyboard 0 Movement Mouse Keybinds 0 Fullscreen 1 Font 18/SmallcapsGlow Map View 76x50 Tactical HUD 1 Map Filters NONE Filters NONE Steam 1 RUN: 2b23dbe2-2f00-4345-9cf3-c235e13a6158